Workbook
Name _1_date: OFFSET(#REF!,0,0,,COUNTA(#REF!)-3)
Name _1_dátum: OFFSET(#REF!,0,0,,COUNTA(#REF!)-3)
Name _1_ffm: OFFSET(#REF!,0,0,,COUNTA(#REF!)-5)
Name _1_finképesség: OFFSET(#REF!,0,0,,COUNTA(#REF!)-5)
Name _1_jövedelemegyenleg: OFFSET(#REF!,0,0,,COUNTA(#REF!)-5)
Name _1_külker: OFFSET(#REF!,0,0,,COUNTA(#REF!)-5)
Name _1_transzferegyenleg: OFFSET(#REF!,0,0,,COUNTA(#REF!)-5)
Name _10_adósság: OFFSET(#REF!,0,0,,COUNTA(#REF!)-2)
Name _10_derivatív: OFFSET(#REF!,0,0,,COUNTA(#REF!)-2)
Name _10_nemadósság: OFFSET(#REF!,0,0,,COUNTA(#REF!)-2)
Name _10_nfk_fin: OFFSET(#REF!,0,0,,COUNTA(#REF!)-2)
Name _10_nfk_reál: OFFSET(#REF!,0,0,,COUNTA(#REF!)-2)
Name _11_külföld: OFFSET(#REF!,0,0,,COUNTA(#REF!)-2)
Name _11_nettóFDI: OFFSET(#REF!,0,0,,COUNTA(#REF!)-2)
Name _11_részesedés: OFFSET(#REF!,0,0,,COUNTA(#REF!)-2)
Name _11_újrabef: OFFSET(#REF!,0,0,,COUNTA(#REF!)-2)
Name _12_adósság: OFFSET(#REF!,0,0,,COUNTA(#REF!)-2)
Name _12_áh: OFFSET(#REF!,0,0,,COUNTA(#REF!)-2)
Name _12_bank: OFFSET(#REF!,0,0,,COUNTA(#REF!)-2)
Name _12_váll: OFFSET(#REF!,0,0,,COUNTA(#REF!)-2)
Name _13_br_adósság: OFFSET(#REF!,0,0,,COUNTA(#REF!)-2)
Name _13_eszközök: OFFSET(#REF!,0,0,,COUNTA(#REF!)-2)
Name _13_nettó: OFFSET(#REF!,0,0,,COUNTA(#REF!)-2)
Name _14_adósság: OFFSET(#REF!,0,0,,COUNTA(#REF!)-2)
Name _14_devizaÁP: OFFSET(#REF!,0,0,,COUNTA(#REF!)-2)
Name _14_devizatart: OFFSET(#REF!,0,0,,COUNTA(#REF!)-2)
Name _14_egyéb_köv: OFFSET(#REF!,0,0,,COUNTA(#REF!)-2)
Name _14_egyéb_tart: OFFSET(#REF!,0,0,,COUNTA(#REF!)-2)
Name _14_EUIMF: OFFSET(#REF!,0,0,,COUNTA(#REF!)-2)
Name _14_forintÁP: OFFSET(#REF!,0,0,,COUNTA(#REF!)-2)
Name _15_adósság: OFFSET(#REF!,0,0,,COUNTA(#REF!)-2)
Name _15_átért: OFFSET(#REF!,0,0,,COUNTA(#REF!)-2)
Name _15_gdp_vált: OFFSET(#REF!,0,0,,COUNTA(#REF!)-2)
Name _15_GDPhatas: OFFSET(#REF!,0,0,,COUNTA(#REF!)-2)
Name _15_nka: OFFSET(#REF!,0,0,,COUNTA(#REF!)-2)
Name _16_áht: OFFSET(#REF!,0,0,,COUNTA(#REF!)-2)
Name _16_bankr: OFFSET(#REF!,0,0,,COUNTA(#REF!)-2)
Name _16_bka: OFFSET(#REF!,0,0,,COUNTA(#REF!)-2)
Name _16_nka: OFFSET(#REF!,0,0,,COUNTA(#REF!)-2)
Name _16_váll: OFFSET(#REF!,0,0,,COUNTA(#REF!)-2)
Name _17_bank_nka: OFFSET(#REF!,0,0,,COUNTA(#REF!)-2)
Name _17_eszköz: OFFSET(#REF!,0,0,,COUNTA(#REF!)-2)
Name _17_tartozás: OFFSET(#REF!,0,0,,COUNTA(#REF!)-2)
Name _18_áht: OFFSET(#REF!,0,0,,COUNTA(#REF!)-2)
Name _18_bankr: OFFSET(#REF!,0,0,,COUNTA(#REF!)-2)
Name _18_rka: OFFSET(#REF!,0,0,,COUNTA(#REF!)-2)
Name _18_váll: OFFSET(#REF!,0,0,,COUNTA(#REF!)-2)
Name _19_guidotti: OFFSET(#REF!,0,0,,COUNTA(#REF!)-2)
Name _19_tartalék: OFFSET(#REF!,0,0,,COUNTA(#REF!)-2)
Name _2_áru: OFFSET(#REF!,0,0,,COUNTA(#REF!)-2)
Name _2_date: OFFSET(#REF!,0,0,,COUNTA(#REF!))
Name _2_dátum: OFFSET(#REF!,0,0,,COUNTA(#REF!))
Name _2_külker: OFFSET(#REF!,0,0,,COUNTA(#REF!)-2)
Name _2_szolgáltatás: OFFSET(#REF!,0,0,,COUNTA(#REF!)-2)
Name _3_eszközök: OFFSET(#REF!,0,0,,COUNTA(#REF!)-2)
Name _3_export: OFFSET('4. adat'!#REF!,0,0,,COUNTA('4. adat'!$3:$3)-2)
Name _3_import: OFFSET('4. adat'!#REF!,0,0,,COUNTA('4. adat'!$4:$4)-2)
Name _3_különbség: OFFSET('4. adat'!#REF!,0,0,,COUNTA('4. adat'!$7:$7)-2)
Name _4_áru_szolg_változás: OFFSET(#REF!,0,0,,COUNTA(#REF!)-2)
Name _4_cserearány: OFFSET(#REF!,0,0,,COUNTA(#REF!)-2)

Sheet 1. ábra
A1: Magyarország | C1: 36160 | D1: 36525 | E1: 36891 | F1: 37256 | G1: 37621 | H1: 37986 | I1: 38352 | J1: 38717 | K1: 39082 | L1: 39447 | M1: 39813 | N1: 40178 | O1: 40543 | P1: 40908 | Q1: 41274 | R1: 41639 | S1: 42004 | T1: 42369 | U1: 42735 | V1: 43100 | W1: 43465 | X1: 43830 | Y1: 44196 | Z1: 44561 | AA1: 44926 | AB1: 45291 | AC1: 45657 | AD1: 46022 | AE1: 46203
C2: 1998 | D2: 1999 | E2: 2000 | F2: 2001 | G2: 2002 | H2: 2003 | I2: 2004 | J2: 2005 | K2: 2006 | L2: 2007 | M2: 2008 | N2: 2009 | O2: 2010 | P2: 2011 | Q2: 2012 | R2: 2013 | S2: 2014 | T2: 2015 | U2: 2016 | V2: 2017 | W2: 2018 | X2: 2019 | Y2: 2020 | Z2: 2021 | AA2: 2022 | AB2: 2023 | AC2: 2024 | AD2: 2025 | AE2: 2026 II.
A3: Nettó külső finanszírozási igény | B3: Net lending | C3: 1.0809317 | D3: 1.2719293 | E3: 1.2717518 | F3: 0.74957753 | G3: 0.86093212 | H3: 1.2746665 | I3: 1.4206317 | J3: 0.94149645 | K3: 0.93636289 | L3: 0.94196474 | M3: 0.9239116 | N3: -0.40444351 | O3: -0.6134922 | P3: -0.819682 | Q3: -1.0042349 | R3: -1.6031089 | S3: -1.1534334 | T3: -1.5768616 | U3: -1.1188143 | V3: -0.79259977 | W3: -0.76536002 | X3: -0.52204166 | Y3: -0.46899281 | Z3: 0.1026943 | AA3: 1.0791916 | AB3: -0.495839 | AC3: -0.69153463 | AD3: -0.82560352 | AE3: -0.59843056
A4: Nettó külső adósság | B4: Net external debt | C4: -0.51621565 | D4: -0.49919114 | E4: -0.32196535 | F4: -0.67614566 | G4: -0.6219585 | H4: -0.31231039 | I4: 0.1055557 | J4: 0.33291165 | K4: 0.59579363 | L4: 1.1503306 | M4: 1.768165 | N4: 1.8666353 | O4: 1.8384243 | P4: 1.6568904 | Q4: 1.2945447 | R4: 0.74375537 | S4: 0.53269704 | T4: -0.01801604 | U4: -0.38750809 | V4: -0.7193627 | W4: -1.0728878 | X4: -1.0999374 | Y4: -1.1026442 | Z4: -1.0293015 | AA4: -0.91360955 | AB4: -0.80074014 | AC4: -0.8726222 | AD4: -0.92128743 | AE4: -0.56271072
A5: Tartalékmegfelelés | B5: Reserve adequacy | C5: -1.4699472 | D5: -1.5974578 | E5: -0.93499034 | F5: -0.7534966 | G5: -0.5439656 | H5: 0.4685644 | I5: 2.0315365 | J5: 1.3714038 | K5: 1.1742854 | L5: 2.7440748 | M5: 1.1419025 | N5: 0.44090634 | O5: 0.82357973 | P5: 0.32954829 | Q5: -0.090285361 | R5: -0.11646303 | S5: -0.81132321 | T5: -0.48801809 | U5: -0.33836776 | V5: -0.42292412 | W5: -0.78885626 | X5: -0.77074745 | Y5: -0.63866704 | Z5: -0.34036839 | AA5: 0.1979031 | AB5: -0.13266129 | AC5: -0.21150062 | AD5: -0.27366464 | AE5: -0.31178719
A6: Államadósság devizaaránya | B6: Share of FX in gov. debt | C6: -1.1590267 | D6: -1.0511414 | E6: -0.94325611 | F6: -0.8353708 | G6: -0.6278518 | H6: -0.65237571 | I6: -0.44055324 | J6: -0.19091392 | K6: -0.1957244 | L6: 0.07511117 | M6: 1.0079739 | N6: 1.7051331 | O6: 1.7703902 | P6: 2.2755186 | Q6: 1.3806167 | R6: 1.258806 | S6: 1.0331455 | T6: 0.59720357 | U6: -0.075304157 | V6: -0.58150108 | W6: -0.90206166 | X6: -1.1868276 | Y6: -1.0234692 | Z6: -0.95943399 | AA6: -0.32985645 | AB6: -0.19884747 | AC6: 0.17875112 | AD6: 0.070865812 | AE6: -0.058596561
A7: Bruttó külső finanszírozási igény | B7: Gross financing need | C7: -2.8447912 | D7: -0.72287556 | E7: -0.56977485 | F7: -0.28158112 | G7: -0.29460887 | H7: -0.42924365 | I7: 0.21919984 | J7: 0.87693906 | K7: 1.0603028 | L7: 1.0081049 | M7: 1.7611555 | N7: 0.75360943 | O7: 1.3443382 | P7: 1.9213076 | Q7: 1.5038433 | R7: 0.05849535 | S7: 0.25282079 | T7: -1.069197 | U7: -0.84151028 | V7: -1.0487543 | W7: -1.355962 | X7: -1.3280238 | Y7: -1.339484 | Z7: -0.38177191 | AA7: 0.67328542 | AB7: -0.10640756 | AC7: -0.78283574 | AD7: -0.88137151 | AE7: -0.73661824

Sheet 2. ábra
C1: 2017 | G1: 2018 | K1: 2019 | O1: 2020 | S1: 2021 | W1: 2022 | AA1: 2023 | AE1: 2024 | AI1: 2025 | AM1: 2026
C2: 2017. I. | D2: II. | E2: III. | F2: IV. | G2: 2018. I. | H2: II. | I2: III. | J2: IV. | K2: 2019. I. | L2: II. | M2: III. | N2: IV. | O2: 2020. I. | P2: II. | Q2: III. | R2: IV. | S2: 2021. I. | T2: II. | U2: III. | V2: IV. | W2: 2022. I. | X2: =T2 -> II. | Y2: =U2 -> III. | Z2: =V2 -> IV. | AA2: 2023. I. | AB2: =X2 -> II. | AC2: =Y2 -> III. | AD2: =Z2 -> IV. | AE2: 2024. I. | AF2: =AB2 -> II. | AG2: =AC2 -> III. | AH2: =AD2 -> IV. | AI2: 2025. I. | AJ2: =AF2 -> II. | AK2: =AG2 -> III. | AL2: =AH2 -> IV. | AM2: 2026. I. | AN2: =+AJ2 -> II.
C3: 2017 Q1 | D3: Q2 | E3: Q3 | F3: Q4 | G3: 2018 Q1 | H3: Q2 | I3: Q3 | J3: Q4 | K3: 2019 Q1 | L3: Q2 | M3: Q3 | N3: Q4 | O3: 2020 Q1 | P3: Q2 | Q3: Q3 | R3: Q4 | S3: 2021 Q1 | T3: Q2 | U3: Q3 | V3: Q4 | W3: 2022 Q1 | X3: =T3 -> Q2 | Y3: =U3 -> Q3 | Z3: =V3 -> Q4 | AA3: 2023 Q1 | AB3: =X3 -> Q2 | AC3: =Y3 -> Q3 | AD3: =Z3 -> Q4 | AE3: 2024 Q1 | AF3: =AB3 -> Q2 | AG3: =AC3 -> Q3 | AH3: =AD3 -> Q4 | AI3: 2025 Q1 | AJ3: =AF3 -> Q2 | AK3: =AG3 -> Q3 | AL3: =AH3 -> Q4 | AM3: 2026 Q1 | AN3: =+AJ3 -> Q2
C4: 42825 | D4: 42916 | E4: 43008 | F4: 43100 | G4: 43190 | H4: 43281 | I4: 43373 | J4: 43465 | K4: 43555 | L4: 43646 | M4: 43738 | N4: 43830 | O4: 43921 | P4: 44012 | Q4: 44104 | R4: 44196 | S4: 44286 | T4: 44377 | U4: 44469 | V4: 44561 | W4: 44651 | X4: 44742 | Y4: 44834 | Z4: 44926 | AA4: 45016 | AB4: 45107 | AC4: 45199 | AD4: 45291 | AE4: 45382 | AF4: 45473 | AG4: 45565 | AH4: 45657 | AI4: 45747 | AJ4: 45838 | AK4: 45930 | AL4: 46022 | AM4: 46112 | AN4: 46203
A5: Áru- és szolgáltatásegyenleg | B5: Balance of goods and services | C5: 7.6814707 | D5: 7.4695196 | E5: 6.7855217 | F5: 6.4615383 | G5: 6.288594 | H5: 5.6390891 | I5: 4.5556959 | J5: 4.1092137 | K5: 3.6355752 | L5: 3.1451346 | M5: 2.9854982 | N5: 2.2218842 | O5: 2.092158 | P5: 0.83817291 | Q5: 1.216232 | R5: 1.6602799 | S5: 2.0383354 | T5: 2.6326093 | U5: 1.2127069 | V5: -0.35485397 | W5: -2.130653 | X5: -3.1190731 | Y5: -4.5938843 | Z5: -5.2977258 | AA5: -3.9779987 | AB5: -1.4485328 | AC5: 2.0060144 | AD5: 4.2058524 | AE5: 5.3870652 | AF5: 4.8484444 | AG5: 4.4439021 | AH5: 4.6349993 | AI5: 4.3989737 | AJ5: 4.6259687 | AK5: 4.8655756 | AL5: 4.5198951 | AM5: 3.914533 | AN5: 3.5475832
A6: Jövedelemegyenleg | B6: Income balance | C6: -3.8837873 | D6: -4.3491125 | E6: -4.5757227 | F6: -4.7774547 | G6: -4.6378961 | H6: -4.5189731 | I6: -4.4833891 | J6: -4.4001983 | K6: -4.0046263 | L6: -3.7108991 | M6: -3.344874 | N6: -3.0724177 | O6: -3.2326481 | P6: -3.1199815 | Q6: -3.2439512 | R6: -3.2119915 | S6: -3.2782415 | T6: -3.4004458 | U6: -3.6145532 | V6: -3.8709199 | W6: -3.6314372 | X6: -3.5373087 | Y6: -3.582745 | Z6: -3.5819433 | AA6: -3.7300753 | AB6: -3.8865524 | AC6: -3.9305625 | AD6: -3.8713892 | AE6: -3.9178678 | AF6: -3.8097471 | AG6: -3.3610831 | AH6: -2.9316615 | AI6: -2.7389144 | AJ6: -2.6947042 | AK6: -2.6221968 | AL6: -2.5518919 | AM6: -2.5119205 | AN6: -2.4370894
A7: Transzferegyenleg | B7: Transfer balance | C7: -0.21686619 | D7: 0.28058454 | E7: 0.48035262 | F7: 0.89751858 | G7: 1.3168176 | H7: 1.4766633 | I7: 2.1304536 | J7: 2.7318854 | K7: 2.1388512 | L7: 2.0256541 | M7: 1.5696645 | N7: 2.0102136 | O7: 2.292709 | P7: 2.3958789 | Q7: 2.8769279 | R7: 2.4342411 | S7: 2.4716107 | T7: 2.0016185 | U7: 1.7952598 | V7: 2.1039954 | W7: 2.8038694 | X7: 3.0681091 | Y7: 2.6814861 | Z7: 1.6076473 | AA7: 0.77052684 | AB7: 0.53550607 | AC7: 0.78050396 | AD7: 0.68718418 | AE7: 0.79984571 | AF7: 0.63601363 | AG7: 0.345454 | AH7: 0.34985019 | AI7: 0.09836245 | AJ7: 0.39146122 | AK7: 0.4775827 | AL7: 0.78093619 | AM7: 0.95840411 | AN7: 0.45085468
A8: Külső finanszírozási képesség | B8: Net lending | C8: 3.5808172 | D8: 3.4009917 | E8: 2.6901516 | F8: 2.5816022 | G8: 2.9675155 | H8: 2.5967793 | I8: 2.2027603 | J8: 2.4409008 | K8: 1.7698001 | L8: 1.4598896 | M8: 1.2102887 | N8: 1.1596801 | O8: 1.1522188 | P8: 0.11407033 | Q8: 0.84920861 | R8: 0.88252956 | S8: 1.2317047 | T8: 1.2337819 | U8: -0.60658649 | V8: -2.1217784 | W8: -2.9582208 | X8: -3.5882727 | Y8: -5.4951431 | Z8: -7.2720218 | AA8: -6.9375471 | AB8: -4.7995792 | AC8: -1.1440441 | AD8: 1.0216474 | AE8: 2.2690431 | AF8: 1.6747109 | AG8: 1.428273 | AH8: 2.053188 | AI8: 1.7584217 | AJ8: 2.3227257 | AK8: 2.7209615 | AL8: 2.7489394 | AM8: 2.3610166 | AN8: 1.5613485
A9: Folyó fizetési mérleg | B9: Current account | C9: 3.5361627 | D9: 3.0616575 | E9: 2.1772721 | F9: 1.7819653 | G9: 1.9038842 | H9: 1.3992135 | I9: 0.70902784 | J9: 0.24261995 | K9: -0.18123362 | L9: -0.34523096 | M9: -0.54219593 | N9: -0.64020529 | O9: -0.81413048 | P9: -2.0203005 | Q9: -1.4964266 | R9: -1.1258789 | S9: -0.84559613 | T9: -0.75719384 | U9: -2.5045154 | V9: -4.5117723 | W9: -5.8878659 | X9: -6.643643 | Y9: -8.3411325 | Z9: -9.0820704 | AA9: -8.0144353 | AB9: -5.6759991 | AC9: -2.3010048 | AD9: -0.17637059 | AE9: 1.1051402 | AF9: 0.8310696 | AG9: 0.93675359 | AH9: 1.7022215 | AI9: 1.3894336 | AJ9: 1.9309275 | AK9: 2.2376591 | AL9: 2.1994 | AM9: 1.7488473 | AN9: 0.96895474

Sheet 3. ábra
C1: 2017 | G1: 2018 | K1: 2019 | O1: 2020 | S1: 2021 | W1: 2022 | AA1: 2023 | AE1: 2024 | AI1: 2025 | AM1: =+'2. ábra'!AM1 -> 2026
C2: 2017. I. | D2: II. | E2: III. | F2: IV. | G2: 2018. I. | H2: II. | I2: III. | J2: IV. | K2: 2019. I. | L2: II. | M2: III. | N2: IV. | O2: 2020. I. | P2: II. | Q2: III. | R2: IV. | S2: 2021. I. | T2: II. | U2: III. | V2: IV. | W2: ='2. ábra'!W2 -> 2022. I. | X2: ='2. ábra'!X2 -> II. | Y2: ='2. ábra'!Y2 -> III. | Z2: ='2. ábra'!Z2 -> IV. | AA2: ='2. ábra'!AA2 -> 2023. I. | AB2: ='2. ábra'!AB2 -> II. | AC2: ='2. ábra'!AC2 -> III. | AD2: ='2. ábra'!AD2 -> IV. | ... AN2: ='2. ábra'!AN2 -> II.
C3: 2017 Q1 | D3: Q2 | E3: Q3 | F3: Q4 | G3: 2018 Q1 | H3: Q2 | I3: Q3 | J3: Q4 | K3: 2019 Q1 | L3: Q2 | M3: Q3 | N3: Q4 | O3: 2020 Q1 | P3: Q2 | Q3: Q3 | R3: Q4 | S3: 2021 Q1 | T3: Q2 | U3: Q3 | V3: Q4 | W3: ='2. ábra'!W3 -> 2022 Q1 | X3: ='2. ábra'!X3 -> Q2 | Y3: ='2. ábra'!Y3 -> Q3 | Z3: ='2. ábra'!Z3 -> Q4 | AA3: ='2. ábra'!AA3 -> 2023 Q1 | AB3: ='2. ábra'!AB3 -> Q2 | AC3: ='2. ábra'!AC3 -> Q3 | AD3: ='2. ábra'!AD3 -> Q4 | ... AN3: ='2. ábra'!AN3 -> Q2
C4: 42825 | D4: 42916 | E4: 43008 | F4: 43100 | G4: 43190 | H4: 43281 | I4: 43373 | J4: 43465 | K4: 43555 | L4: 43646 | M4: 43738 | N4: 43830 | O4: 43921 | P4: 44012 | Q4: 44104 | R4: 44196 | S4: 44286 | T4: 44377 | U4: 44469 | V4: 44561 | W4: ='2. ábra'!W4 -> 44651 | X4: ='2. ábra'!X4 -> 44742 | Y4: ='2. ábra'!Y4 -> 44834 | Z4: ='2. ábra'!Z4 -> 44926 | AA4: ='2. ábra'!AA4 -> 45016 | AB4: ='2. ábra'!AB4 -> 45107 | AC4: ='2. ábra'!AC4 -> 45199 | AD4: ='2. ábra'!AD4 -> 45291 | ... AN4: ='2. ábra'!AN4 -> 46203
A5: Áruegyenleg | B5: Balance of goods | C5: 2.3638189 | D5: 1.9926386 | E5: 1.3771015 | F5: 1.0216516 | G5: 0.7342288 | H5: -0.025987481 | I5: -1.1824255 | J5: -1.7926611 | K5: -2.0264435 | L5: -2.3081085 | M5: -2.2178444 | N5: -2.6019282 | O5: -2.6151695 | P5: -3.0008245 | Q5: -2.1717924 | R5: -1.3295334 | S5: -0.45803196 | T5: -0.27761355 | U5: -1.6856788 | V5: -3.2826827 | W5: -5.402182 | X5: -6.6113415 | Y5: -8.4301958 | Z5: -9.357575 | AA5: -8.2941906 | AB5: -5.8515709 | AC5: -2.5985637 | AD5: -0.51762428 | AE5: 0.62254907 | AF5: 0.12958272 | AG5: -0.38218145 | AH5: -0.25532824 | AI5: -0.44321685 | AJ5: -0.4686193 | AK5: -0.37398482 | AL5: -0.78303885 | AM5: -1.2398191 | AN5: -1.4729615
A6: Energiaegyenleg | B6: Balance of energy | C6: -3.5661138 | D6: -3.6738257 | E6: -3.6622862 | F6: -3.6787591 | G6: -3.4136525 | H6: -3.5404311 | I6: -3.7221753 | J6: -3.7809572 | K6: -3.8277078 | L6: -3.8985378 | M6: -3.8769221 | N6: -3.7725494 | O6: -3.6925008 | P6: -3.1519526 | Q6: -2.6302903 | R6: -2.3211135 | S6: -2.4088682 | T6: -2.7714727 | U6: -3.3069851 | V6: -4.4000867 | W6: -5.7266111 | X6: -6.909742 | Y6: -8.9900703 | Z6: -10.365635 | AA6: -9.9827655 | AB6: -8.7442456 | AC6: -6.5946454 | AD6: -4.8345976 | AE6: -4.0677684 | AF6: -3.8692431 | AG6: -3.8763126 | AH6: -3.6647815 | AI6: -3.6789421 | AJ6: -3.553111 | AK6: -3.1296256 | AL6: -2.9269838 | AM6: -2.6355272 | AN6: -2.803225
A7: Egyéb áruegyenleg | B7: Other balance of goods | C7: =C5-C6 -> 5.9299327 | D7: =D5-D6 -> 5.6664643 | E7: =E5-E6 -> 5.0393877 | F7: =F5-F6 -> 4.7004107 | G7: =G5-G6 -> 4.1478813 | H7: =H5-H6 -> 3.5144436 | I7: =I5-I6 -> 2.5397499 | J7: =J5-J6 -> 1.9882961 | ... AN7: =AN5-AN6 -> 1.3302635
A8: Szolgáltatásegyenleg | B8: Balance of services | C8: 5.3176519 | D8: 5.476881 | E8: 5.4084202 | F8: 5.4398867 | G8: 5.5543652 | H8: 5.6650766 | I8: 5.7381214 | J8: 5.9018747 | K8: 5.6620187 | L8: 5.4532431 | M8: 5.2033427 | N8: 4.8238125 | O8: 4.7073274 | P8: 3.8389974 | Q8: 3.3880243 | R8: 2.9898133 | S8: 2.4963674 | T8: 2.9102228 | U8: 2.8983857 | V8: 2.9278287 | W8: 3.271529 | X8: 3.4922684 | Y8: 3.8363115 | Z8: 4.0598491 | AA8: 4.3161919 | AB8: 4.4030381 | AC8: 4.6045781 | AD8: 4.7234767 | AE8: 4.7645161 | AF8: 4.7188617 | AG8: 4.8260836 | AH8: 4.8903275 | AI8: 4.8421906 | AJ8: 5.094588 | AK8: 5.2395605 | AL8: 5.302934 | AM8: 5.1543521 | AN8: 5.0205447
A9: Külkereskedelmi egyenleg | B9: Balance of goods and services | C9: =+C5+C8 -> 7.6814707 | D9: =+D5+D8 -> 7.4695196 | E9: =+E5+E8 -> 6.7855217 | F9: =+F5+F8 -> 6.4615383 | G9: =+G5+G8 -> 6.288594 | H9: =+H5+H8 -> 5.6390891 | I9: =+I5+I8 -> 4.5556959 | J9: =+J5+J8 -> 4.1092137 | ... AN9: =+AN5+AN8 -> 3.5475832

Sheet 4. adat
A1: Az export és import éves reálnövekedése | C1: 2017 | G1: 2018 | K1: 2019 | O1: 2020 | S1: 2021 | W1: 2022 | AA1: 2023 | AE1: 2024 | AI1: 2025 | AM1: 2026
C2: =+'3. ábra'!C3 -> 2017 Q1 | D2: =+'3. ábra'!D3 -> Q2 | E2: =+'3. ábra'!E3 -> Q3 | F2: =+'3. ábra'!F3 -> Q4 | G2: =+'3. ábra'!G3 -> 2018 Q1 | H2: =+'3. ábra'!H3 -> Q2 | I2: =+'3. ábra'!I3 -> Q3 | J2: =+'3. ábra'!J3 -> Q4 | ... AN2: =+'3. ábra'!AN3 -> Q2
A3: Export | B3: Exports | C3: 8.9566156 | D3: 5.1261004 | E3: 5.0242433 | F3: 6.9978309 | G3: 4.631398 | H3: 6.2886038 | I3: 2.2709546 | J3: 6.7193094 | K3: 6.700205 | L3: 3.2849568 | M3: 9.6796527 | N3: 2.4626719 | O3: 0.22516651 | P3: -23.908869 | Q3: -4.0459558 | R3: 3.3507474 | S3: 3.2726122 | T3: 33.965395 | U3: 1.6897498 | V3: 0.083506572 | W3: 8.2250286 | X3: 9.503701 | Y3: 13.805075 | Z3: 11.475132 | AA3: 5.5002533 | AB3: 1.8961113 | AC3: 0.31314029 | AD3: -0.29123933 | AE3: -1.4223104 | AF3: 0.10521006 | AG3: 0.018938218 | AH3: -0.70324598 | AI3: -0.93960087 | AJ3: -0.96885144 | AK3: -0.67175577 | AL3: -1.7454246 | AM3: -1.8347008 | AN3: 1.7807873
A4: Import | B4: Imports | C4: 11.109193 | D4: 5.8747784 | E4: 8.2727229 | F4: 8.5861047 | G4: 4.9737765 | H4: 8.8699298 | I4: 6.2501881 | J4: 7.781011 | K4: 8.3662818 | L4: 5.5479065 | M4: 11.46827 | N4: 7.4414514 | O4: 3.1256782 | P4: -16.016576 | Q4: -4.5085313 | R4: 2.8850079 | S4: 1.7004824 | T4: 25.652355 | U4: 5.4976057 | V4: 1.370752 | W4: 10.435778 | X4: 9.3675538 | Y4: 12.541875 | Z4: 11.014836 | AA4: 0.24400817 | AB4: -4.0462953 | AC4: -4.4059649 | AD4: -5.1112625 | AE4: -3.8214397 | AF4: -0.64437029 | AG4: -0.24533706 | AH4: -0.87020626 | AI4: 1.1054559 | AJ4: 0.4136868 | AK4: 1.7171106 | AL4: 1.5831033 | AM4: 4.1498524 | AN4: 6.3356759
A7: Különbség | B7: Difference | C7: =+C3-C4 -> -2.1525771 | D7: =+D3-D4 -> -0.74867799 | E7: =+E3-E4 -> -3.2484796 | F7: =+F3-F4 -> -1.5882738 | G7: =+G3-G4 -> -0.34237858 | H7: =+H3-H4 -> -2.581326 | I7: =+I3-I4 -> -3.9792335 | J7: =+J3-J4 -> -1.0617016 | ... AN7: =+AN3-AN4 -> -4.5548886

Sheet 5. ábra
C1: 2017 | G1: 2018 | K1: 2019 | O1: 2020 | S1: 2021 | W1: 2022 | AA1: 2023 | AE1: 2024 | AI1: 2025 | AM1: 2026
C2: 2017. I. | D2: II. | E2: III. | F2: IV. | G2: 2018. I. | H2: II. | I2: III. | J2: IV. | K2: 2019. I. | L2: II. | M2: III. | N2: IV. | O2: 2020. I. | P2: II. | Q2: III. | R2: IV. | S2: 2021. I. | T2: II. | U2: III. | V2: IV. | W2: =+'3. ábra'!W2 -> 2022. I. | X2: =+'3. ábra'!X2 -> II. | Y2: =+'3. ábra'!Y2 -> III. | Z2: =+'3. ábra'!Z2 -> IV. | AA2: =+'3. ábra'!AA2 -> 2023. I. | AB2: =+'3. ábra'!AB2 -> II. | AC2: =+'3. ábra'!AC2 -> III. | AD2: =+'3. ábra'!AD2 -> IV. | ... AN2: =+'3. ábra'!AN2 -> II.
C3: 2017 Q1 | D3: Q2 | E3: Q3 | F3: Q4 | G3: 2018 Q1 | H3: Q2 | I3: Q3 | J3: Q4 | K3: 2019 Q1 | L3: Q2 | M3: Q3 | N3: Q4 | O3: 2020 Q1 | P3: Q2 | Q3: Q3 | R3: Q4 | S3: 2021 Q1 | T3: Q2 | U3: Q3 | V3: Q4 | W3: =+'3. ábra'!W3 -> 2022 Q1 | X3: =+'3. ábra'!X3 -> Q2 | Y3: =+'3. ábra'!Y3 -> Q3 | Z3: =+'3. ábra'!Z3 -> Q4 | AA3: =+'3. ábra'!AA3 -> 2023 Q1 | AB3: =+'3. ábra'!AB3 -> Q2 | AC3: =+'3. ábra'!AC3 -> Q3 | AD3: =+'3. ábra'!AD3 -> Q4 | ... AN3: =+'3. ábra'!AN3 -> Q2
A4: Belföldi felhasználás éves növekedési üteme | B4: Annual increase in domestic absorption | C4: 6.0232346 | D4: 4.0140767 | E4: 6.7179411 | F4: 5.4840422 | G4: 5.6451959 | H4: 7.865827 | I4: 9.2572797 | J4: 6.452915 | K4: 7.0395577 | L4: 7.0708101 | M4: 6.4545396 | N4: 8.5997157 | O4: 4.9764054 | P4: -5.7065602 | Q4: -4.350704 | R4: -2.9976688 | S4: -3.6162337 | T4: 12.445322 | U4: 9.4526863 | V4: 8.4875706 | W4: 9.7651484 | X4: 6.2031803 | Y4: 3.0726464 | Z4: -0.59369161 | AA4: -5.9185493 | AB4: -7.7711888 | AC4: -4.2467912 | AD4: -3.7384089 | AE4: -1.3312427 | AF4: 1.4530249 | AG4: -0.29424976 | AH4: 0.22880898 | AI4: 1.9568088 | AJ4: 1.4855573 | AK4: 2.4885574 | AL4: 3.1755224 | AM4: 6.601476 | AN4: 5.0456994
A5: Nettó export | B5: Net export | C5: -1.1134983 | D5: -0.18944383 | E5: -1.9524562 | F5: -0.80945653 | G5: -0.060937775 | H5: -1.5301085 | I5: -2.8173498 | J5: -0.54814524 | K5: -1.061689 | L5: -1.6016802 | M5: -1.1525388 | N5: -3.6120517 | O5: -2.4223176 | P5: -6.9189574 | Q5: 0.33938645 | R5: 0.32030203 | S5: 1.3522238 | T5: 4.7724138 | U5: -2.9430989 | V5: -1.0312026 | W5: -1.7603578 | X5: 0.14172164 | Y5: 0.71152301 | Z5: 0.16569123 | AA5: 4.7533276 | AB5: 4.9107968 | AC5: 3.9356729 | AD5: 4.0610035 | AE5: 2.1230316 | AF5: 0.61463489 | AG5: 0.21148854 | AH5: 0.11411378 | AI5: -1.8486529 | AJ5: -1.1549471 | AK5: -1.9257257 | AL5: -2.6606403 | AM5: -5.3652912 | AN5: -3.530652
A6: Összes fogyasztás | B6: Total consumption | C6: 1.782682 | D6: 2.9494532 | E6: 3.41625 | F6: 4.5250107 | G6: 3.8731719 | H6: 3.2273092 | I6: 2.5891708 | J6: 1.8409132 | K6: 2.9521843 | L6: 3.0112745 | M6: 3.2271973 | N6: 5.3365805 | O6: 3.4561271 | P6: -2.4654351 | Q6: 0.078980405 | R6: -0.6409341 | S6: -0.65375495 | T6: 5.6488655 | U6: 3.954924 | V6: 3.4481327 | W6: 7.6167396 | X6: 5.4642199 | Y6: 2.2274999 | Z6: 0.61616283 | AA6: -2.189977 | AB6: -0.69221403 | AC6: 0.24782149 | AD6: 1.1705909 | AE6: 2.8730981 | AF6: 2.6521318 | AG6: 2.9119009 | AH6: 3.9113049 | AI6: 1.7063004 | AJ6: 2.7269532 | AK6: 1.2278774 | AL6: 2.7703032 | AM6: 3.8884482 | AN6: 2.8584925
A7: Bruttó felhalmozás | B7: Gross capital formation | C7: 3.853375 | D7: 0.74369719 | E7: 2.6029411 | F7: 0.7078415 | G7: 1.4410591 | H7: 3.9200818 | I7: 5.9994125 | J7: 4.4400289 | K7: 3.6315103 | L7: 3.5547151 | M7: 3.1748344 | N7: 2.9215595 | O7: 1.2700457 | P7: -3.2751366 | Q7: -4.3803374 | R7: -2.2729659 | S7: -2.7172184 | T7: 7.5176794 | U7: 5.298411 | V7: 4.9458281 | W7: 1.624311 | X7: 0.6916713 | Y7: 1.0156279 | Z7: -1.0702045 | AA7: -3.9846777 | AB7: -6.7643569 | AC7: -4.2197829 | AD7: -4.6145926 | AE7: -3.8497644 | AF7: -1.5281855 | AG7: -3.2945435 | AH7: -3.7973222 | AI7: 0.1801286 | AJ7: -1.2678302 | AK7: 1.4930538 | AL7: 0.72289788 | AM7: 3.2090795 | AN7: 2.4140005

Sheet 6. ábra
B1: Import content of domestic demand | C1: Export (adjusted by import) | D1: Effect of terms of trade | E1: Change in balance
B2: Belső keresleti tételek importtartalma | C2: Export (importtól szűrve) | D2: Cserearány hatása | E2: Egyenlegváltozás
A3: 2017 | B3: -3.1666092 | C3: 2.2663654 | D3: -0.25697309 | E3: -1.1572169
A4: 2018 | B4: -2.8367316 | C4: 1.7004832 | D4: -0.60492639 | E4: -1.7411748
A5: 2019 | B5: -3.5827263 | C5: 1.8192161 | D5: 0.2511332 | E5: -1.5123769
A6: 2020 | B6: 0.051560972 | C6: -2.152818 | D6: 1.5834685 | E6: -0.5177885
A7: 2021 | B7: -2.0111219 | C7: 2.4871872 | D7: -2.2891855 | E7: -1.8131201
A8: 2022 | B8: -3.2646895 | C8: 3.1603899 | D8: -4.938173 | E8: -5.0424725
A9: 2023 | B9: 3.6204528 | C9: 0.62874537 | D9: 4.5974904 | E9: 8.8466886
A10: 2024 | B10: 0.78326109 | C10: -0.16672649 | D10: 0.016509389 | E10: 0.63304399
A11: 2025 | B11: -1.2462665 | C11: -0.3398761 | D11: 1.8836007 | E11: 0.29745804
A12: 2026. I. | B12: -3.9473858 | C12: -0.6541619 | D12: 1.9346347 | E12: -2.6669131
A13: 2026. II. | B13: -3.440276 | C13: 0.54668409 | D13: 1.9667562 | E13: -0.92683569

Sheet 7. ábra
B1: Élelmiszer | C1: Nyersanyag | D1: Energiahordozó | E1: Feldolgozott termék | F1: Gépek | G1: Áruegyenleg (külkereskedelem) | H1: Áruegyenleg (fizetési mérleg)
B2: Food | C2: Commodities | D2: Energy | E2: Processed goods | F2: Machine | G2: Balance of goods (Trade) | H2: Balance of goods (Balance of payments)
A3: 2017 | B3: 1.8467804 | C3: 0.23512068 | D3: -3.6767 | E3: -0.95789157 | F3: 8.9093695 | G3: 6.3566789 | H3: 1.0215028
A4: 2018 | B4: 1.4476634 | C4: 0.1721992 | D4: -3.7836272 | E4: -1.9069531 | F4: 8.0661637 | G4: 4.0235135 | H4: -1.79064
A5: 2019 | B5: 1.3407812 | C5: 0.19569538 | D5: -3.7669147 | E5: -2.8912817 | F5: 8.0696692 | G5: 2.9479493 | H5: -2.6029021
A6: 2020 | B6: 1.6101837 | C6: 0.25401685 | D6: -2.3030438 | E6: -4.0757553 | F6: 8.5787089 | G6: 4.0641103 | H6: -1.3279432
A7: 2021 | B7: 1.5764916 | C7: 0.31035097 | D7: -4.4075219 | E7: -3.764205 | F7: 7.335778 | G7: 1.0508937 | H7: -3.2819802
A8: 2022 | B8: 1.3765401 | C8: 0.13964235 | D8: -10.425985 | E8: -6.6887246 | F8: 9.8866915 | G8: -5.7118359 | H8: -9.3297481
A9: 2023 | B9: 1.2795902 | C9: 0.33373639 | D9: -4.851659 | E9: -4.9593448 | F9: 12.339461 | G9: 4.1417839 | H9: -0.51804826
A10: 2024 | B10: 1.2703441 | C10: 0.35286084 | D10: -3.6608451 | E10: -3.6440275 | F10: 9.8891251 | G10: 4.2074575 | H10: -0.25497899
A11: 2025 | B11: 0.92653485 | C11: 0.26780644 | D11: -2.9334531 | E11: -3.280285 | F11: 9.0295473 | G11: 4.0101505 | H11: -0.78464536
A12: 2026 | B12: 0.88411361 | C12: 0.28514218 | D12: -2.7912625 | E12: -3.56142 | F12: 8.4705084 | G12: 3.2870816 | H12: -1.4729615

Sheet 8. ábra
C1: 2017 | G1: 2018 | K1: 2019 | O1: 2020 | S1: 2021 | W1: 2022 | AA1: 2023 | AE1: 2024 | AI1: 2025 | AM1: 2026
C2: 2017. I. | D2: II. | E2: III. | F2: IV. | G2: 2018. I. | H2: II. | I2: III. | J2: IV. | K2: 2019. I. | L2: II. | M2: III. | N2: IV. | O2: 2020. I. | P2: II. | Q2: III. | R2: IV. | S2: 2021. I. | T2: II. | U2: III. | V2: IV. | W2: ='2. ábra'!W2 -> 2022. I. | X2: ='2. ábra'!X2 -> II. | Y2: ='2. ábra'!Y2 -> III. | Z2: ='2. ábra'!Z2 -> IV. | AA2: ='2. ábra'!AA2 -> 2023. I. | AB2: ='2. ábra'!AB2 -> II. | AC2: ='2. ábra'!AC2 -> III. | AD2: ='2. ábra'!AD2 -> IV. | ... AN2: ='2. ábra'!AN2 -> II.
C3: 2017 Q1 | D3: Q2 | E3: Q3 | F3: Q4 | G3: 2018 Q1 | H3: Q2 | I3: Q3 | J3: Q4 | K3: 2019 Q1 | L3: Q2 | M3: Q3 | N3: Q4 | O3: 2020 Q1 | P3: Q2 | Q3: Q3 | R3: Q4 | S3: 2021 Q1 | T3: Q2 | U3: Q3 | V3: Q4 | W3: ='2. ábra'!W3 -> 2022 Q1 | X3: ='2. ábra'!X3 -> Q2 | Y3: ='2. ábra'!Y3 -> Q3 | Z3: ='2. ábra'!Z3 -> Q4 | AA3: ='2. ábra'!AA3 -> 2023 Q1 | AB3: ='2. ábra'!AB3 -> Q2 | AC3: ='2. ábra'!AC3 -> Q3 | AD3: ='2. ábra'!AD3 -> Q4 | ... AN3: ='2. ábra'!AN3 -> Q2
C4: 42825 | D4: 42916 | E4: 43008 | F4: 43100 | G4: 43190 | H4: 43281 | I4: 43373 | J4: 43465 | K4: 43555 | L4: 43646 | M4: 43738 | N4: 43830 | O4: 43921 | P4: 44012 | Q4: 44104 | R4: 44196 | S4: 44286 | T4: 44377 | U4: 44469 | V4: 44561 | W4: ='2. ábra'!W4 -> 44651 | X4: ='2. ábra'!X4 -> 44742 | Y4: ='2. ábra'!Y4 -> 44834 | Z4: ='2. ábra'!Z4 -> 44926 | AA4: ='2. ábra'!AA4 -> 45016 | AB4: ='2. ábra'!AB4 -> 45107 | AC4: ='2. ábra'!AC4 -> 45199 | AD4: ='2. ábra'!AD4 -> 45291 | ... AN4: ='2. ábra'!AN4 -> 46203
A5: Munkavállalói jövedelmek | B5: Compensation of employees | C5: 2.4773776 | D5: 2.4064008 | E5: 2.3380728 | F5: 2.1996238 | G5: 2.0836039 | H5: 2.021672 | I5: 1.9532663 | J5: 1.9612244 | K5: 1.9828798 | L5: 1.9895784 | M5: 2.0188235 | N5: 2.0229993 | O5: 1.9897364 | P5: 1.9283584 | Q5: 1.8087481 | R5: 1.6486937 | S5: 1.4901959 | T5: 1.3628133 | U5: 1.2694301 | V5: 1.2188438 | W5: 1.2776721 | X5: 1.3237844 | Y5: 1.3505472 | Z5: 1.3998878 | AA5: 1.4393051 | AB5: 1.4485911 | AC5: 1.5022111 | AD5: 1.4961182 | AE5: 1.56862 | AF5: 1.590787 | AG5: 1.6185496 | AH5: 1.6735579 | AI5: 1.635746 | AJ5: 1.6358291 | AK5: 1.6018337 | AL5: 1.5769232 | AM5: 1.6544917 | AN5: 1.7497979
A6: Tulajdonosi hitelek kamategyenlege | B6: Interest paid on intercompany loans | C6: -0.094608091 | D6: -0.15632912 | E6: -0.17733381 | F6: -0.18478305 | G6: -0.15682006 | H6: -0.13027508 | I6: -0.12125642 | J6: -0.11045056 | K6: -0.089658442 | L6: -0.060135338 | M6: -0.037739061 | N6: -0.032900542 | O6: -0.041455673 | P6: -0.068713387 | Q6: -0.10754951 | R6: -0.1301638 | S6: -0.16140779 | T6: -0.17295499 | U6: -0.18538702 | V6: -0.18259098 | W6: -0.18047602 | X6: -0.17809693 | Y6: -0.1791827 | Z6: -0.2220503 | AA6: -0.26460896 | AB6: -0.29895951 | AC6: -0.31809038 | AD6: -0.3070728 | AE6: -0.30516944 | AF6: -0.30665349 | AG6: -0.3056887 | AH6: -0.30762683 | AI6: -0.30475826 | AJ6: -0.29400252 | AK6: -0.29176242 | AL6: -0.29107908 | AM6: -0.27808764 | AN6: -0.26311906
A7: Részesedések jövedelme | B7: Equity income | C7: -4.960653 | D7: -5.3554949 | E7: -5.5711534 | F7: -5.7212869 | G7: -5.5826375 | H7: -5.5026741 | I7: -5.4592198 | J7: -5.4428746 | K7: -5.121935 | L7: -4.9079817 | M7: -4.6244018 | N7: -4.3890698 | O7: -4.5383433 | P7: -4.3306792 | Q7: -4.3040987 | R7: -4.1089315 | S7: -3.9722166 | T7: -4.0010567 | U7: -4.1454691 | V7: -4.3600207 | W7: -4.1703242 | X7: -4.0564859 | Y7: -3.9968053 | Z7: -3.8608241 | AA7: -3.7168451 | AB7: -3.6331785 | AC7: -3.5734158 | AD7: -3.491466 | AE7: -3.6470103 | AF7: -3.6388424 | AG7: -3.3048908 | AH7: -2.9435647 | AI7: -2.7508078 | AJ7: -2.7055463 | AK7: -2.5665877 | AL7: -2.4558408 | AM7: -2.5001607 | AN7: -2.4961443
A8: Külföldi hitelek kamategyenlege | B8: Interest paid on debt funds | C8: -1.3059038 | D8: -1.2436893 | E8: -1.1653083 | F8: -1.0710085 | G8: -0.98204249 | H8: -0.90769595 | I8: -0.85617917 | J8: -0.8080975 | K8: -0.77591274 | L8: -0.73236041 | M8: -0.7015566 | N8: -0.67344664 | O8: -0.64258561 | P8: -0.64894722 | Q8: -0.64105113 | R8: -0.62158982 | S8: -0.63481294 | T8: -0.58924741 | U8: -0.55312714 | V8: -0.54715202 | W8: -0.55830898 | X8: -0.62651027 | Y8: -0.75730417 | Z8: -0.89895671 | AA8: -1.1879263 | AB8: -1.4030054 | AC8: -1.5412673 | AD8: -1.5689686 | AE8: -1.534308 | AF8: -1.4550382 | AG8: -1.3690532 | AH8: -1.3540279 | AI8: -1.3190943 | AJ8: -1.3309845 | AK8: -1.3656805 | AL8: -1.3818952 | AM8: -1.3881638 | AN8: -1.427624
A9: Jövedelemegyenleg | B9: Income balance | C9: -3.8837873 | D9: -4.3491125 | E9: -4.5757227 | F9: -4.7774547 | G9: -4.6378961 | H9: -4.5189731 | I9: -4.4833891 | J9: -4.4001983 | K9: -4.0046263 | L9: -3.7108991 | M9: -3.344874 | N9: -3.0724177 | O9: -3.2326481 | P9: -3.1199815 | Q9: -3.2439512 | R9: -3.2119915 | S9: -3.2782415 | T9: -3.4004458 | U9: -3.6145532 | V9: -3.8709199 | W9: -3.6314372 | X9: -3.5373087 | Y9: -3.582745 | Z9: -3.5819433 | AA9: -3.7300753 | AB9: -3.8865524 | AC9: -3.9305625 | AD9: -3.8713892 | AE9: -3.9178678 | AF9: -3.8097471 | AG9: -3.3610831 | AH9: -2.9316615 | AI9: -2.7389144 | AJ9: -2.6947042 | AK9: -2.6221968 | AL9: -2.5518919 | AM9: -2.5119205 | AN9: -2.4370894

Sheet 9. ábra
A1: in GDP | D1: 1995 | E1: 1996 | F1: 1997 | G1: 1998 | H1: 1999 | I1: 2000 | J1: 2001 | K1: 2002 | L1: 2003 | M1: 2004 | N1: 2005 | O1: 2006 | P1: 2007 | Q1: 2008 | R1: 2009 | S1: 2010 | T1: 2011 | U1: 2012 | V1: 2013 | W1: 2014 | X1: 2015 | Y1: 2016 | Z1: 2017 | AA1: 2018 | AB1: 2019 | AC1: 2020 | AD1: 2021 | AE1: 2022 | AF1: 2023 | AG1: 2024 | AH1: 2025 | AI1: 2026 II.
B2: Bér | C2: Compensation of employees | D2: -0.36695044 | E2: -0.27844918 | F2: -0.19991941 | G2: -0.13542322 | H2: -0.053490659 | I2: 0.021209764 | J2: 0.046419503 | K2: 0.0011471929 | L2: -0.041066364 | M2: 0.049786692 | N2: 0.0261961 | O2: 0.073968772 | P2: 0.003822562 | Q2: 0.15809574 | R2: 0.47885477 | S2: 0.71924807 | T2: 0.99194406 | U2: 1.6845474 | V2: 2.2408776 | W2: 2.1944869 | X2: 2.4451131 | Y2: 2.4283622 | Z2: 2.0684737 | AA2: 1.7917053 | AB2: 1.8130314 | AC2: 1.6467218 | AD2: 1.218583 | AE2: 1.3957249 | AF2: 1.4973437 | AG2: 1.6712688 | AH2: 1.5801584 | AI2: 1.7497979
B3: Tőkejövedelem | C3: Equity income | D3: -0.42551819 | E3: -1.7297265 | F3: -3.7484818 | G3: -4.2049484 | H3: -4.8454779 | I3: -4.1195641 | J3: -4.4492184 | K3: -4.5359313 | L3: -4.4196452 | M3: -4.7907986 | N3: -4.8764155 | O3: -5.1607066 | P3: -6.1349646 | Q3: -4.2631402 | R3: -2.8602263 | S3: -3.3531821 | T3: -3.6378242 | U3: -3.5583105 | V3: -3.5537226 | W3: -5.2721595 | X3: -6.0816248 | Y3: -4.7302938 | Z3: -5.8153453 | AA3: -5.671307 | AB3: -4.5280598 | AC3: -4.1040171 | AD3: -4.3590877 | AE3: -3.8493431 | AF3: -3.4615059 | AG3: -2.9603763 | AH3: -2.4154838 | AI3: -2.4961443
B4: Kamat | C4: Interest payments | D4: -3.4044596 | E4: -2.5104738 | F4: -2.0508789 | G4: -1.9429037 | H4: -1.5858437 | I4: -1.7099763 | J4: -1.4010287 | K4: -1.1511171 | L4: -1.1363266 | M4: -1.6593966 | N4: -1.9405941 | O4: -1.8413159 | P4: -2.0868651 | Q4: -3.1300676 | R4: -3.072462 | S4: -3.0772454 | T4: -3.4586881 | U4: -3.6390084 | V4: -2.9700364 | W4: -2.676081 | X4: -2.2859862 | Y4: -1.4348803 | Z4: -1.2556087 | AA4: -0.9175125 | AB4: -0.70661154 | AC4: -0.75085451 | AD4: -0.72958684 | AE4: -1.1176734 | AF4: -1.8775781 | AG4: -1.6593819 | AH4: -1.6764066 | AI4: -1.690743
B5: Transzferek | C5: Transfers | D5: 0 | E5: 0 | F5: 0 | G5: 0 | H5: 0 | I5: 0 | J5: 0 | K5: 0 | L5: 0 | M5: 0.2906008 | N5: 0.51902269 | O5: 0.74226315 | P5: 0.63713251 | Q5: 0.65592428 | R5: 1.1010575 | S5: 1.0044572 | T5: 1.2619716 | U5: 1.2790176 | V5: 1.3741544 | W5: 1.2403921 | X5: 1.1358575 | Y5: 1.0397312 | Z5: 0.95656353 | AA5: 0.88032257 | AB5: 0.78210878 | AC5: 0.85546969 | AD5: 0.69342158 | AE5: 0.60789744 | AF5: 0.59941031 | AG5: 0.62248401 | AH5: 0.46247378 | AI5: 0.4306623
B6: GNI-GDP | C6: GDP-GNI gap | D6: =+D4+D3+D2 -> -4.1969282 | E6: =+E4+E3+E2 -> -4.5186495 | F6: =+F4+F3+F2 -> -5.9992801 | G6: =+G4+G3+G2 -> -6.2832753 | H6: =+H4+H3+H2 -> -6.4848122 | I6: =+I4+I3+I2 -> -5.8083307 | J6: =+J4+J3+J2 -> -5.8038276 | K6: =+K4+K3+K2 -> -5.6859012 | L6: =+L4+L3+L2 -> -5.5970381 | M6: =+M4+M3+M2+M5 -> -6.1098077 | N6: =+N4+N3+N2+N5 -> -6.2717908 | O6: =+O4+O3+O2+O5 -> -6.1857905 | P6: =+P4+P3+P2+P5 -> -7.5808746 | Q6: =+Q4+Q3+Q2+Q5 -> -6.5791878 | R6: =+R4+R3+R2+R5 -> -4.3527761 | S6: =+S4+S3+S2+S5 -> -4.7067223 | T6: =+T4+T3+T2+T5 -> -4.8425966 | ... AH6: =+AH4+AH3+AH2+AH5 -> -2.0492581 | AI6: -2.0064271

Sheet 10. ábra
C1: 2017 | G1: 2018 | K1: 2019 | O1: 2020 | S1: 2021 | W1: 2022 | AA1: 2023 | AE1: 2024 | AI1: 2025 | AM1: 2026
C2: 2017. I. | D2: II. | E2: III. | F2: IV. | G2: 2018. I. | H2: II. | I2: III. | J2: IV. | K2: 2019. I. | L2: II. | M2: III. | N2: IV. | O2: 2020. I. | P2: II. | Q2: III. | R2: IV. | S2: 2021. I. | T2: II. | U2: III. | V2: IV. | W2: ='2. ábra'!W2 -> 2022. I. | X2: ='2. ábra'!X2 -> II. | Y2: ='2. ábra'!Y2 -> III. | Z2: ='2. ábra'!Z2 -> IV. | AA2: ='2. ábra'!AA2 -> 2023. I. | AB2: ='2. ábra'!AB2 -> II. | AC2: ='2. ábra'!AC2 -> III. | AD2: ='2. ábra'!AD2 -> IV. | ... AN2: ='2. ábra'!AN2 -> II.
C3: 2017 Q1 | D3: Q2 | E3: Q3 | F3: Q4 | G3: 2018 Q1 | H3: Q2 | I3: Q3 | J3: Q4 | K3: 2019 Q1 | L3: Q2 | M3: Q3 | N3: Q4 | O3: 2020 Q1 | P3: Q2 | Q3: Q3 | R3: Q4 | S3: 2021 Q1 | T3: Q2 | U3: Q3 | V3: Q4 | W3: ='2. ábra'!W3 -> 2022 Q1 | X3: ='2. ábra'!X3 -> Q2 | Y3: ='2. ábra'!Y3 -> Q3 | Z3: ='2. ábra'!Z3 -> Q4 | AA3: ='2. ábra'!AA3 -> 2023 Q1 | AB3: ='2. ábra'!AB3 -> Q2 | AC3: ='2. ábra'!AC3 -> Q3 | AD3: ='2. ábra'!AD3 -> Q4 | ... AN3: ='2. ábra'!AN3 -> Q2
A4: Nettó EU-transzfer | B4: Net EU transfer | C4: 1.215189 | D4: 1.7227546 | E4: 1.7438964 | F4: 2.1034504 | G4: 2.443128 | H4: 2.5180344 | I4: 3.0619995 | J4: 2.9629516 | K4: 2.4143769 | L4: 2.2741128 | M4: 1.802746 | N4: 2.8404617 | O4: 3.0730847 | P4: 3.2026946 | Q4: 3.6096493 | R4: 3.3378425 | S4: 3.2512376 | T4: 2.5472038 | U4: 2.2840038 | V4: 2.5750641 | W4: 3.3641462 | X4: 3.8968963 | Y4: 3.5038367 | Z4: 2.4056698 | AA4: 1.5851462 | AB4: 1.261265 | AC4: 1.2926501 | AD4: 1.2302853 | AE4: 1.2656954 | AF4: 1.0490816 | AG4: 0.97436193 | AH4: 0.80266907 | AI4: 0.40004917 | AJ4: 0.76118386 | AK4: 0.85454254 | AL4: 1.0317606 | AM4: 1.3846736 | AN4: 0.86289848
A5: Egyéb folyó transzfer | B5: Other current transfer | C5: -1.0131175 | D5: -1.0002484 | E5: -0.98669942 | F5: -0.94075124 | G5: -0.89274652 | H5: -0.8405447 | I5: -0.79180939 | J5: -0.79165263 | K5: -0.80542333 | L5: -0.77979965 | M5: -0.77400376 | N5: -0.74112368 | O5: -0.6954004 | P5: -0.65710844 | Q5: -0.58622475 | R5: -0.56485616 | S5: -0.46123165 | T5: -0.40507453 | U5: -0.33447539 | V5: -0.3088086 | W5: -0.37294002 | X5: -0.45438597 | Y5: -0.49315502 | Z5: -0.43139372 | AA5: -0.49084204 | AB5: -0.46975545 | AC5: -0.52894354 | AD5: -0.58712649 | AE5: -0.56008884 | AF5: -0.53402932 | AG5: -0.51144829 | AH5: -0.4834302 | AI5: -0.4745328 | AJ5: -0.5061154 | AK5: -0.48229378 | AL5: -0.23787494 | AM5: -0.31254731 | AN5: -0.31954558
A6: Egyéb tőketranszfer | B6: Other capital transfer | C6: -0.41893772 | D6: -0.4419216 | E6: -0.27684441 | F6: -0.26518053 | G6: -0.23356389 | H6: -0.20082641 | I6: -0.13973652 | J6: 0.56058643 | K6: 0.52989766 | L6: 0.53134091 | M6: 0.54092232 | N6: -0.089124455 | O6: -0.084975334 | P6: -0.14970724 | Q6: -0.14649666 | R6: -0.33874528 | S6: -0.31839524 | T6: -0.14051076 | U6: -0.15426863 | V6: -0.16226004 | W6: -0.18733682 | X6: -0.37440129 | Y6: -0.32919558 | Z6: -0.3666288 | AA6: -0.32377733 | AB6: -0.25600345 | AC6: 0.016797369 | AD6: 0.044025365 | AE6: 0.094239174 | AF6: 0.12096133 | AG6: -0.11745964 | AH6: 0.030611319 | AI6: 0.17284608 | AJ6: 0.13639276 | AK6: 0.10533394 | AL6: -0.012949472 | AM6: -0.11372215 | AN6: -0.092498224
A7: Transzferegyenleg | B7: Transfer balance | C7: =+C4+C5+C6 -> -0.21686619 | D7: =+D4+D5+D6 -> 0.28058454 | E7: =+E4+E5+E6 -> 0.48035262 | F7: =+F4+F5+F6 -> 0.89751858 | G7: =+G4+G5+G6 -> 1.3168176 | H7: =+H4+H5+H6 -> 1.4766633 | I7: =+I4+I5+I6 -> 2.1304536 | J7: =+J4+J5+J6 -> 2.7318854 | ... AN7: =+AN4+AN5+AN6 -> 0.45085468

Sheet 11. ábra
C1: 2017 | D1: 2018 | E1: 2019 | F1: 2020 | G1: 2021 | H1: 2022 | I1: 2023 | J1: 2024 | K1: 2025 | L1: 2026
A2: Nettó EU-transzfer | B2: Net EU-transfer | C2: 2.6746888 | D2: 4.0430272 | E2: 4.1807802 | F2: 4.633629 | G2: 3.9898594 | H2: 4.0449388 | I2: 2.4255412 | J2: 1.6516522 | K2: 2.2619877 | L2: 2.0322557
A3: Nettó folyó transzfer | B3: Net current transfer | C3: 1.3206966 | D3: 1.8083491 | E3: 1.40041 | F3: 1.3752849 | G3: 0.03534268 | H3: 0.38503228 | I3: 0.15041314 | J3: 0.99245746 | K3: 1.0288112 | L3: 0.41923214
A4: Nettó tőketranszfer | B4: Net capital transfer | C4: 1.3539922 | D4: 2.2346781 | E4: 2.7803702 | F4: 3.2583441 | G4: 3.9545167 | H4: 3.6599065 | I4: 2.2751281 | J4: 0.65919473 | K4: 1.2331765 | L4: 1.6130236
A5: Államháztartás | B5: Government | C5: 0.38768305 | D5: 1.5576869 | E5: 2.0365537 | F5: 2.2033336 | G5: 1.2251667 | H5: 1.3883816 | I5: -0.019408857 | J5: -0.55559628 | K5: 0.54268347 | L5: 0.015422604
A6: Magánszektor | B6: Private sector | C6: 2.2870057 | D6: 2.4853403 | E6: 2.1442265 | F6: 2.4302954 | G6: 2.7646927 | H6: 2.6565572 | I6: 2.4449501 | J6: 2.2072485 | K6: 1.7193043 | L6: 2.0168331
C9: 2017 | D9: 2018 | E9: 2019 | F9: 2020 | G9: 2021 | H9: 2022 | I9: 2023 | J9: 2024 | K9: 2025 | L9: 2026
A10: =+A2 -> Nettó EU-transzfer | B10: Net EU transfer | C10: =+C2 -> 2.6746888 | D10: =+D2 -> 4.0430272 | E10: =+E2 -> 4.1807802 | F10: =+F2 -> 4.633629 | G10: =+G2 -> 3.9898594 | H10: =+H2 -> 4.0449388 | I10: =+I2 -> 2.4255412 | J10: =+J2 -> 1.6516522 | ... L10: =+L2 -> 2.0322557
